 Dungeon Crawl Stone Soup version 0.22-a0-571-g4a923d4 (webtiles) character file.

77 yoda5477 the Gusty (level 4, -4/33 HPs)
             Began as a Draconian Air Elementalist on July 1, 2018.
             Killed from afar by an orc wizard (11 damage)
             ... with a puff of frost
             ... on level 2 of the Dungeon.
             The game lasted 00:20:02 (2636 turns).

yoda5477 the Gusty (Draconian Air Elementalist)     Turns: 2636, Time: 00:20:03

Health: -4/33      AC:  5    Str: 10    XL:     4   Next: 14%
Magic:  1/7        EV: 12    Int: 17    God:
Gold:   167        SH:  0    Dex: 11    Spells: 3/7 levels left

rFire    . . .     SeeInvis .   l - +2 whip (flame)
rCold    . . .     Gourm    .   (no shield)
rNeg     . . .     Faith    .   (armour unavailable)
rPois    .         Spirit   .   (helmet restricted)
rElec    .         Reflect  .   (no cloak)
rCorr    .         Harm     .   (no gloves)
MR       .....                  (no boots)
Stlth    ++........             g - amulet of rage
HPRegen  0.11/turn              (no ring)
MPRegen  0.10/turn              (no ring)

@: slowed, very slow
A: unfitting armour, cold-blooded, AC +5
a: Evoke Berserk Rage


You were on level 2 of the Dungeon.
You were hungry.

You visited 1 branch of the dungeon, and saw 3 of its levels.

You collected 167 gold pieces.

Inventory:

Hand Weapons
 l - a +2 whip of flaming (weapon)
 q - a +0 dagger
Missiles
 c - 70 stones (quivered)
 m - 45 arrows
 p - 8 tomahawks
Jewellery
 g - an amulet of rage (around neck)
Scrolls
 a - a scroll of identify
 e - a scroll of fog {unknown}
 h - a scroll of immolation {unknown}
 j - 2 scrolls of teleportation {unknown}
 k - a scroll of magic mapping {unknown}
 n - a scroll of enchant armour {unknown}
 o - a scroll of amnesia {unknown}
Potions
 d - a potion of flight {unknown}
 i - a potion of curing {unknown}
Comestibles
 b - 5 rations


   Skills:
 - Level 1.7 Dodging
 - Level 1.7 Stealth
 + Level 2.4 Spellcasting
 * Level 2.0 Conjurations
 * Level 4.3 Air Magic


You had 3 spell levels left.
You knew the following spells:

 Your Spells              Type           Power        Failure   Level  Hunger
a - Shock                 Conj/Air       ##..         4%          1    #......
b - Static Discharge      Conj/Air       ##......     16%         3    ###....

Your spell library contained the following spells:

 Spells                   Type           Power        Failure   Level  Hunger
 Lightning Bolt           Conj/Air       ##........   80%         5    ######.
 Swiftness                Chrm/Air       #.......     12%         2    ##.....
 Airstrike                Air            ###.......   30%         4    #####..


Dungeon Overview and Level Annotations

Branches:
Dungeon (3/15)

Altars:
Gozag


Innate Abilities, Weirdness & Mutations

Your plain brown scales are hard. (AC +5)
You cannot fit into any form of body armour.
You are cold-blooded and may be slowed by cold attacks.


Message History

The orc wizard hits you with a dagger of freezing.
You feel as though you will be slow longer.
The orc wizard freezes you. The orc wizard casts a spell at you.
The puff of frost misses you.
You closely miss the orc wizard.
Your tail-slap misses the orc wizard.
The orc wizard is moderately wounded.
The orc wizard hits you with a dagger of freezing.
You feel as though you will be slow longer.
The orc wizard freezes you.
The orc wizard hits you with a dagger of freezing.
* * * LOW HITPOINT WARNING * * *
You feel as though you will be slow longer.
The orc wizard freezes you.
* * * LOW HITPOINT WARNING * * *
The orc wizard hits you but does no damage.
You see here a leather armour.
The orc wizard gestures at you while chanting.
The puff of frost hits you!
You die...

.....##....(..# #.#
#.#####.......#######.# #.##
#...)........##.#
#..#######)###.....##.# ......#
#[# #........# .#.##.####.#
#.....#### ######
.#.........###..o..####### #.....
.#..........####[#.......# #.####
.#........#.####@#.......###.####
...............).#.##.##.##......
###.####.#.#######.#.#.......####
.##.####.#.# #..###..###.....
.##......#.## #.## ##.# ######
.########...# #..###..# .# #...#
###.#.#.# .# #...# ##.##.########
.# #...# ####....##......


You could see an orc wizard.

Vanquished Creatures
  An adder (D:2)
  2 oozes
  2 dart slugs (D:1)
  A leopard gecko (D:1)
  5 orcs (D:2)
  4 bats
  2 giant cockroaches (D:1)
  6 goblins
  4 hobgoblins
  4 jackals
  6 kobolds
  A quokka (D:2)
  3 frilled lizards
  4 rats
45 creatures vanquished.

Notes
Turn   | Place    | Note
-------+----------+-------------------------------------------
     0 | D:1      | yoda5477 the Draconian Air Elementalist began the quest for the Orb.
     0 | D:1      | Reached XP level 1. HP: 14/14 MP: 3/3
   424 | D:1      | Reached XP level 2. HP: 20/20 MP: 3/5
  1015 | D:1      | Reached XP level 3. HP: 26/26 MP: 3/6
  1241 | D:1      | Reached skill level 4 in Air Magic
  1318 | D:2      | Found an opulent altar of Gozag.
  2155 | D:2      | Learned a level 3 spell: Static Discharge
  2328 | D:2      | Reached XP level 4. HP: 9/33 MP: 5/7
  2636 | D:2      | Killed from afar by an orc wizard

Vault maps used:
D:1:      noname_arrival_rooms_in_the_neighbourhood
D:2:      nicolae_gozag_cash_rules_everything_around_me
D:3:      nicolae_qazlal_eye_of_the_storm

Skill      XL: |  1  2  3  4 |
---------------+-------------+-----
Air Magic      | 4 |  4.3
Conjurations   | 2 |  2.0
Dodging        | |  1.7
Stealth        | |  1.7
Spellcasting   | |  2.4

Action                   |  1- 3 |  4- 6 || total
-------------------------+-------+-------++-------
Melee: Unarmed           |     1 |       ||     1
       Whip              |       |     3 ||     3
       Tailslap          |       |     1 ||     1
 Cast: Shock             |    73 |     6 ||    79
       Static Discharge  |     2 |     2 ||     4
  Use: Scroll            |     2 |       ||     2
  Eat: Chunk             |     6 |       ||     6
Armor: Skin              |     8 |     3 ||    11
Dodge: Dodged            |    19 |     7 ||    26

Table legend:
 A = Spawn XP
 B = Non-spawn XP
 C = Spawn XP percentage of total XP
 D = Spawn monster count
 E = Non-spawn monster count
 F = Spawn count percentage of total count
 G = Total turns spent on level
                    A         B        C        D         E        F      G
               +---------+---------+-------+---------+---------+-------+---------
         Total |       0 |     111 |   0.0 |       0 |      45 |   0.0 |  2636
               +---------+---------+-------+---------+---------+-------+---------
           D:1 |       0 |      52 |   0.0 |       0 |      24 |   0.0 |  1304
           D:2 |       0 |      59 |   0.0 |       0 |      21 |   0.0 |  1324
               +---------+---------+-------+---------+---------+-------+---------
